 Dungeon Crawl Stone Soup version 0.21-a0-265-gb353147 (webtiles) character file.

3611 eatsleeptabrepeat the Grappler (level 9, 0/92 HPs)
             Began as a Troll Monk on Sept 10, 2017.
             Was an Elder of Okawaru.
             Slain by a vampire (12 damage)
             ... on level 8 of the Dungeon.
             The game lasted 00:09:31 (7412 turns).

eatsleeptabrepeat the Grappler (Troll Monk)         Turns: 7412, Time: 00:09:32

Health: 0/92       AC:  5    Str: 29    XL:     9   Next: 86%
Magic:  10/11      EV: 13    Int:  6    God:    Okawaru [****..]
Gold:   451        SH:  0    Dex: 12    Spells: 8/8 levels left

rFire    . . .     SeeInvis .     - Unarmed
rCold    . . .     Gourm    +   (no shield)
rNeg     . . .     Faith    +   a - +0 robe
rPois    +         Spirit   .   (helmet restricted)
rElec    .         Reflect  .   (no cloak)
rCorr    +         Harm     .   (gloves unavailable)
MR       .....                  (boots unavailable)
Stlth    +++.......             d - amulet of faith
HPRegen  0.65/turn              n - ring of resist corrosion
MPRegen  0.12/turn              x - ring of poison resistance

@: mighty, heroism
A: unfitting armour, claws 3, fast metabolism 3, gourmand, regeneration 1,
shaggy fur 1, tough skin 2
a: Heroism, Renounce Religion


You were on level 8 of the Dungeon.
You worshipped Okawaru.
Okawaru was greatly pleased with you.
You were full.

You visited 2 branches of the dungeon, and saw 10 of its levels.

You collected 523 gold pieces.
You spent 72 gold pieces at shops.

Inventory:

Hand Weapons
 q - a +0 hunting sling
Missiles
 r - 148 stones (quivered)
Armour
 a - a +0 robe (worn)
Jewellery
 d - an amulet of faith (around neck)
 n - a ring of resist corrosion (left claw)
 x - a ring of poison resistance (right claw)
 F - an uncursed ring of protection from cold {unknown}
 G - an uncursed amulet of rage {unknown}
 I - a +3 ring of evasion {unknown}
Wands
 A - a wand of random effects (12/48)
 C - a wand of iceblast (10/15)
 D - a wand of random effects (10/48)
 L - a wand of polymorph (14/24)
 N - a wand of iceblast (7/15)
Scrolls
 e - 6 scrolls of teleportation
 g - 2 scrolls of blinking
 h - 2 scrolls of immolation {unknown}
 j - 3 scrolls of magic mapping
 l - 6 scrolls of remove curse {unknown}
 p - a scroll of random uselessness {unknown}
 u - a scroll of fear {unknown}
 y - 2 scrolls of recharging {unknown}
 H - a scroll of enchant weapon {unknown}
 J - a scroll of fog {unknown}
 M - a scroll of amnesia {unknown}
Potions
 f - a potion of resistance
 i - 2 potions of cancellation
 k - a potion of haste {unknown}
 m - a potion of lignification {unknown}
 s - 3 potions of curing {unknown}
 t - 2 potions of might
 w - 4 potions of heal wounds {unknown}
 B - a potion of berserk rage {unknown}
 E - 2 potions of agility {unknown}
Books
 o - a book of Changes

   Spells                             Type                      Level
   a - Beastly Appendage              Transmutation                1
   b - Sticks to Snakes               Transmutation                2
   c - Spider Form                    Transmutation/Poison         3
   d - Ice Form                       Ice/Transmutation            4
   e - Blade Hands                    Transmutation                5
 z - a book of the Sky

   Spells                             Type                      Level
   a - Summon Lightning Spire         Summoning/Air                4
   b - Silence                        Hexes/Air                    5
   c - Deflect Missiles               Charms/Air                   6
   d - Conjure Ball Lightning         Conjuration/Air              6
   e - Tornado                        Air                          9
 K - a book of Conjurations

   Spells                             Type                      Level
   a - Magic Dart                     Conjuration                  1
   b - Searing Ray                    Conjuration                  2
   c - Dazzling Spray                 Conjuration/Hexes            3
   d - Fulminant Prism                Conjuration/Hexes            4
   e - Force Lance                    Conjuration/Translocation    4
   f - Iskenderun's Mystic Blast      Conjuration                  4
Comestibles
 b - 9 bread rations
 c - 7 meat rations
 v - 4 fruits


   Skills:
 + Level 6.6(11.6) Fighting
 - Level 2.4(7.4) Dodging
 - Level 2.1(7.1) Stealth
 * Level 10.8(15.8) Unarmed Combat
 + Level 4.6 Invocations


You had 8 spell levels left.
You didn't know any spells.

Dungeon Overview and Level Annotations

Branches:
Dungeon (9/15)             Temple (1/1) D:4
   Lair: D:8-11         Orc: D:9-12

Altars:
Ashenzari
Cheibriados
Dithmenos
Elyvilon
Fedhas
Gozag
Hepliaklqana
Kikubaaqudgha
Makhleb
Nemelex Xobeh
Okawaru
Ru
Sif Muna
Trog
Uskayaw
Vehumet
Wu Jian
Xom
Yredelemnul
The Shining One

Shops:
D:6 *   D:7 ?


Innate Abilities, Weirdness & Mutations

You are too large for most types of armour.
You have claws for hands.
Your metabolism is lightning-fast.
You like to eat raw meat.
Your natural rate of healing is unusually fast.
You are covered in fur. (AC +1)
You have very tough skin. (AC +2)


Message History

The bullfrog misses you. Something hits you.
* * * LOW HITPOINT WARNING * * *
Something barely misses you.
Unknown command.
You closely miss the bullfrog. The bullfrog barely misses you.
Something hits you.
* * * LOW HITPOINT WARNING * * *
Something bites you but does no damage.
Unknown command.
You scratch the bullfrog. You claw the bullfrog!
The bullfrog is almost dead.
The bullfrog misses you.
Unknown command.
You claw the bullfrog!
You kill the bullfrog!
Okawaru accepts your kill. Something hits you.
* * * LOW HITPOINT WARNING * * *
Something bites you!
You die...

#...#.........#
##..#.#########
#....# ##...# #...#
######)..# #........#
#......{.#
########......†@#
#.............†####
#........####.....###
#........# ####....#
#........# #..#.#
#........# #..#)#
#........# #..#.#
########## #..#.#
#..#.#####


There were no monsters in sight!

Vanquished Creatures
  Prince Ribbit (D:8)
  Grinder (D:5)
  A hippogriff (D:8)
  A wyvern (D:8)
  Eustachio (D:5)
  The ghost of Shiggs the Sneak, an amateur OpMo (D:3)
  An ice beast (D:5)
  2 orc warriors
  4 ogres
  2 centaurs
  2 big kobolds (D:7)
  6 bullfrogs
  3 scorpions
  2 howler monkeys
  4 crimson imps
  A gnoll shaman (D:4)
  A bullfrog skeleton (D:7)
  3 hounds
  A jelly (D:7)
  An orc priest (D:8)
  6 orc wizards
  Ijyb (D:5)
  An iguana (D:4)
  6 worker ants
  A hound skeleton (D:4)
  11 gnolls
  16 adders
  A howler monkey skeleton (D:6)
  A shadow imp (D:7)
  An ooze (D:3)
  An adder skeleton (D:6)
  3 worms
  3 leopard geckos
  36 orcs
  5 giant cockroaches
  3 goblins
  10 hobgoblins
  4 jackals
  5 quokkas
  3 ball pythons
  3 bats
  4 frilled lizards
  A jackal zombie (D:6)
  17 kobolds
  5 rats
187 creatures vanquished.

Notes
Turn   | Place    | Note
-------+----------+-------------------------------------------
     0 | D:1      | eatsleeptabrepeat the Troll Monk began the quest for the Orb.
     0 | D:1      | Reached XP level 1. HP: 22/22 MP: 0/0
    66 | D:1      | Reached XP level 2. HP: 26/29 MP: 1/1
   706 | D:2      | Found a shimmering altar of Xom.
   730 | D:2      | Reached XP level 3. HP: 36/36 MP: 2/2
   803 | D:2      | Reached skill level 4 in Unarmed Combat
  1146 | D:2      | Reached XP level 4. HP: 44/44 MP: 3/3
  1265 | D:2      | Found a shattered altar of Ashenzari.
  1948 | D:3      | Reached XP level 5. HP: 47/53 MP: 4/4
  1972 | D:3      | Found a sparkling altar of Nemelex Xobeh.
  2387 | D:3      | Reached skill level 5 in Unarmed Combat
  2478 | D:3      | Noticed Shiggs's ghost (amateur OpMo)
  2487 | D:3      | Killed Shiggs's ghost
  2487 | D:3      | Reached XP level 6. HP: 53/61 MP: 5/5
  2664 | D:3      | Found a white marble altar of Elyvilon.
  2986 | D:4      | Reached skill level 6 in Unarmed Combat
  3012 | D:4      | Reached XP level 7. HP: 57/70 MP: 6/6
  3276 | D:4      | Found a staircase to the Ecumenical Temple.
  3320 | D:4      | Found a hazy altar of Hepliaklqana.
  3384 | Temple   | Entered the Ecumenical Temple
  3391 | Temple   | Became a worshipper of Warmaster Okawaru
  3391 | Temple   | Reached * piety under Okawaru
  3391 | Temple   | Reached ** piety under Okawaru
  3563 | D:4      | Found a basalt altar of Yredelemnul.
  3599 | D:4      | Reached skill level 7 in Unarmed Combat
  3991 | D:5      | Entered Level 5 of the Dungeon
  3999 | D:5      | Noticed Grinder
  4021 | D:5      | Killed Grinder
  4021 | D:5      | Reached XP level 8. HP: 63/79 MP: 7/7
  4204 | D:5      | Reached skill level 5 in Fighting
  4370 | D:5      | Reached skill level 8 in Unarmed Combat
  4482 | D:5      | Reached *** piety under Okawaru
  4521 | D:5      | Noticed Ijyb
  4524 | D:5      | Killed Ijyb
  4524 | D:5      | Reached skill level 1 in Invocations
  4594 | D:5      | Noticed Eustachio
  4609 | D:5      | Killed Eustachio
  4705 | D:5      | You fall through a shaft for 2 floors!
  4807 | D:6      | Found Natu's Needful Niceties.
  4825 | D:6      | Reached skill level 9 in Unarmed Combat
  5367 | D:6      | Found a blossoming altar of Fedhas.
  5458 | D:6      | Reached XP level 9. HP: 89/89 MP: 10/10
  6153 | D:7      | Found a glowing golden altar of the Shining One.
  6321 | D:7      | Found Viywuoq's Magic Scroll Shoppe.
  6325 | D:7      | Reached **** piety under Okawaru
  6337 | D:7      | Bought 2 scrolls of teleportation for 72 gold pieces
  6528 | D:7      | Found a glowing golden altar of the Shining One.
  6580 | D:7      | Found a shadowy altar of Dithmenos.
  6636 | D:8      | Found a blossoming altar of Fedhas.
  6636 | D:8      | Noticed Prince Ribbit
  6676 | D:8      | Reached skill level 10 in Unarmed Combat
  7033 | D:8      | Killed Prince Ribbit
  7234 | D:8      | Found a glowing golden altar of the Shining One.
  7234 | D:8      | Found an opulent altar of Gozag.
  7412 | D:8      | Slain by a vampire

Vault maps used:
D:1:      nicolae_arrival_memento_mori, minmay_pentomino_t2
D:2:      lemuel_round_altar, first_bread, ashenzari_altar_1
D:3:      lemuel_round_altar, serial_bayou, serial_bayou_pond_e,
          serial_bayou_crossing, serial_bayou_pond_a, serial_bayou_lagoon_a,
          nemelex_spade_bored_becter
D:4:      kennysheep_little_box, overflow_temple_1_default, temple_green
D:5:      uniq_eustachio, uniq_grinder, uniq_ijyb
D:6:      lemuel_doored_altar, nicolae_alphabet_shops
D:7:      grunt_dithmenos_shadows, basic_altar, serial_shops,
          nicolae_shop_crystal, tso_metal_star
D:8:      gammafunk_temple_overflow_elements, basic_altar, uniq_prince_ribbit1
D:9:      overflow_temple_1_default, lemuel_round_altar,
          due_lair_maze_entry_diamond, serial_shops, nicolae_shop_stone,
          kennysheep_mini_moat, nicolae_shop_trees, uniq_maurice
Temple:   nicolae_temple_no_exploring_needed

Skill      XL: |  1  2  3  4  5  6  7  8  9 |
---------------+----------------------------+-----
Unarmed Combat | 4 5 6 7 9 10 | 10.8
Fighting       | 3 4 5 6 |  6.6
Stealth        | 2 |  2.1
Invocations    | 2 4 |  4.6
Dodging        | |  2.4

Action                   |  1- 3 |  4- 6 |  7- 9 || total
-------------------------+-------+-------+-------++-------
Melee: Unarmed           |    68 |   140 |   312 ||   520
       Punch             |     1 |     2 |    14 ||    17
 Fire: Hunting sling     |       |    12 |       ||    12
Invok: Heroism           |       |       |     8 ||     8
  Use: Scroll            |       |     5 |       ||     5
       Potion            |       |       |     2 ||     2
 Stab: Sleeping          |     4 |     4 |    14 ||    22
       Distracted        |       |       |     1 ||     1
  Eat: Chunk             |    13 |    18 |    38 ||    69
Armor: Robe              |    16 |    25 |    76 ||   117
Dodge: Dodged            |    28 |    63 |   169 ||   260

Table legend:
 A = Spawn XP
 B = Non-spawn XP
 C = Spawn XP percentage of total XP
 D = Spawn monster count
 E = Non-spawn monster count
 F = Spawn count percentage of total count
 G = Total turns spent on level
                    A         B        C        D         E        F      G
               +---------+---------+-------+---------+---------+-------+---------
         Total |       0 |    5159 |   0.0 |       0 |     187 |   0.0 |  7412
               +---------+---------+-------+---------+---------+-------+---------
           D:1 |       0 |      35 |   0.0 |       0 |      16 |   0.0 |   607
           D:2 |       0 |      78 |   0.0 |       0 |      17 |   0.0 |  1071
           D:3 |       0 |     367 |   0.0 |       0 |      37 |   0.0 |  1191
           D:4 |       0 |     686 |   0.0 |       0 |      31 |   0.0 |  1107
           D:5 |       0 |     958 |   0.0 |       0 |      13 |   0.0 |   965
           D:6 |       0 |     563 |   0.0 |       0 |      24 |   0.0 |   992
           D:7 |       0 |     897 |   0.0 |       0 |      31 |   0.0 |   688
           D:8 |       0 |    1467 |   0.0 |       0 |      17 |   0.0 |   767
           D:9 |       0 |     108 |   0.0 |       0 |       1 |   0.0 |     9
               +---------+---------+-------+---------+---------+-------+---------
